 Dungeon Crawl Stone Soup version 0.21.1-1-g345015f (webtiles) character file.

15208 inc the Basher (level 12, -6/96 HPs)
             Began as a Gnoll Chaos Knight on June 9, 2018.
             Killed from afar by Fannar (48 damage)
             ... with a bolt of cold
             ... on level 3 of the Lair of Beasts.
             The game lasted 00:39:27 (14213 turns).

inc the Basher (Gnoll Chaos Knight)                Turns: 14213, Time: 00:39:28

Health: -6/96      AC: 21    Str: 21    XL:     12   Next: 24%
Magic:  24/31      EV: 16    Int: 21    God:    Xom [*.....]
Gold:   826        SH: 17    Dex: 19    Spells: 18/25 levels left

rFire    + . .     SeeInvis .   f - +1 dagger (distort)
rCold    . . .     Gourm    .   d - +3 shield of Resourcefulness {rF+ rCorr Int+4 Dex+2}
rNeg     . . .     Faith    .   J - +0 steam dragon scales
rPois    +         Spirit   .   (helmet restricted)
rElec    .         Reflect  +   e - +0 cloak
rCorr    +         Harm     .   Y - +2 pair of gloves
MR       .....                  Z - +3 pair of boots of Kanwacit {Str+6}
Stlth    ++++......             M - +3 amulet of reflection
HPRegen  0.26/turn              o - ring of magical power
MPRegen  0.22/turn              z - ring of wizardry

@: no status effects
A: distributed training, antennae 1, claws 1, fangs 1, icy blue scales 1, thin
metallic scales 1, agile 1, blurry vision 1, deterioration 1, dopey 1, poison
resistance, shaggy fur 1, wild magic 1, strong nose
a: Renounce Religion


You were on level 3 of the Lair of Beasts.
You worshipped Xom.
You were a special plaything of Xom.
You were hungry.

You visited 2 branches of the dungeon, and saw 15 of its levels.
You also visited: Bailey.

You collected 916 gold pieces.
You spent 90 gold pieces at shops.

Inventory:

Hand Weapons
 f - a +1 dagger of distortion (weapon)
 p - a +1 hunting sling of freezing
Missiles
 q - 461 stones (quivered)
Armour
 d - the +3 shield of Resourcefulness (worn) {rF+ rCorr Int+4 Dex+2}
   (You acquired it on level 8 of the Dungeon)

   It affects your intelligence (+4).
   It affects your dexterity (+2).
   It protects you from fire.
   It protects you from acid and corrosion.
 e - a +0 cloak (worn)
 D - a +1 helmet of see invisible
 J - +0 steam dragon scales (worn)
 K - a +2 plate armour of fire resistance
 R - the +0 robe "Jainesar" {Dex+2}
   (You found it on level 4 of the Dungeon)

   It affects your dexterity (+2).
 Y - a +2 pair of gloves (worn)
 Z - the +3 pair of boots of Kanwacit (worn) {Str+6}
   (You acquired it on level 11 of the Dungeon)

   It affects your strength (+6).
Magical Staves
 w - an uncursed staff of poison {unknown}
Jewellery
 b - an uncursed ring of protection from magic {unknown}
 o - a ring of magical power (left hand)
 z - a ring of wizardry (right hand)
 C - an uncursed ring of poison resistance
 E - an uncursed ring of flight
 M - a +3 amulet of reflection (around neck)
 N - an uncursed amulet of faith {unknown}
 S - an uncursed ring of stealth
Wands
 u - a wand of flame (62)
 y - a wand of iceblast (6)
 Q - a wand of enslavement (10)
 T - a wand of polymorph (26)
Scrolls
 g - 6 scrolls of remove curse
 h - 3 scrolls of blinking
 n - 3 scrolls of immolation
 r - a scroll of fog {unknown}
 s - 2 scrolls of enchant weapon
 t - 7 scrolls of teleportation
 v - 5 scrolls of identify
 G - a scroll of enchant armour
 H - a scroll of amnesia
 V - a scroll of brand weapon {unknown}
 W - a scroll of holy word {unknown}
Potions
 i - 2 potions of invisibility
 j - a potion of berserk rage
 k - 2 potions of lignification
 l - 7 potions of curing
 m - 2 potions of agility
 A - 3 potions of magic
 B - 3 potions of flight
 F - 3 potions of haste
 L - 4 potions of might
 P - a potion of heal wounds
 U - a potion of brilliance
Books
 a - a book of Minor Magic

   Spells                             Type                      Level
   a - Magic Dart                     Conjuration                  1
   b - Blink                          Translocation                2
   c - Call Imp                       Summoning                    2
   d - Slow                           Hexes                        2
   e - Conjure Flame                  Conjuration/Fire             3
   f - Mephitic Cloud                 Conjuration/Poison/Air       3
 x - Xom's Volume of Grandeur
   (Xom gifted it to you on level 4 of the Dungeon)

   Spells                             Type                      Level
   a - Poisonous Vapours              Poison/Air                   2
   b - Passwall                       Transmutation/Earth          2
   c - Sticks to Snakes               Transmutation                2
   d - Mephitic Cloud                 Conjuration/Poison/Air       3
   e - Ice Form                       Ice/Transmutation            4
   f - Irradiate                      Conjuration/Transmutation    5
 I - the Compendium of the Monkey's Uncle
   (You found it on level 8 of the Dungeon)

   Spells                             Type                      Level
   a - Sandblast                      Earth                        1
   b - Song of Slaying                Charms                       2
   c - Passwall                       Transmutation/Earth          2
   d - Ozocubu's Armour               Charms/Ice                   3
   e - Bolt of Magma                  Conjuration/Fire/Earth       5
   f - Iron Shot                      Conjuration/Earth            6
Miscellaneous
 O - a lamp of fire
Comestibles
 c - 19 rations


   Skills:
 + Level 9.6 Fighting
 + Level 7.0 Short Blades
 + Level 7.0 Long Blades
 + Level 7.0 Axes
 + Level 9.6 Maces & Flails
 + Level 7.0 Polearms
 + Level 7.0 Staves
 + Level 7.0 Slings
 + Level 7.0 Bows
 + Level 7.0 Crossbows
 + Level 7.0 Throwing
 + Level 8.4 Armour
 + Level 7.5 Dodging
 + Level 7.0 Stealth
 + Level 7.0 Shields
 + Level 7.0 Unarmed Combat
 + Level 7.0 Spellcasting
 + Level 5.8 Conjurations
 + Level 5.8 Hexes
 + Level 5.8 Charms
 + Level 5.8 Summonings
 + Level 5.8 Necromancy
 + Level 5.8 Translocations
 + Level 5.8 Transmutations
 + Level 5.8 Fire Magic
 + Level 5.8 Ice Magic
 + Level 5.8 Air Magic
 + Level 5.8 Earth Magic
 + Level 5.8 Poison Magic
 + Level 7.6 Invocations
 + Level 7.0 Evocations


You had 18 spell levels left.
You knew the following spells:

 Your Spells              Type           Power        Failure   Level  Hunger
a - Passwall              Tmut/Erth      #####.....   2%          2    None
b - Poisonous Vapours     Pois/Air       #####.       2%          2    None
c - Mephitic Cloud        Conj/Pois/Air  #####...     4%          3    #......


Dungeon Overview and Level Annotations

Branches:
Dungeon (12/15)            Temple (0/1) D:5            Lair (3/6) D:8
 Shoals (0/4) Lair:2        Snake (0/4) Lair:3          Orc (0/2) D:11

Altars:
Ashenzari
Cheibriados
Elyvilon
Hepliaklqana
Kikubaaqudgha
Makhleb
Nemelex Xobeh
Okawaru
Qazlal
Sif Muna
Uskayaw
Vehumet
Wu Jian
Xom
Yredelemnul
Zin

Shops:
D:7 ?

Annotations:
Lair:3 Fannar
Abyss:1 Grinder


Innate Abilities, Weirdness & Mutations

Your experience applies equally to all skills.
You have very sharp teeth.
Your uncanny sense of smell can sniff out nearby items.
You have a pair of small antennae on your head.
You have sharp fingernails.
You are partially covered in icy blue scales. (AC +2)
You are partially covered in thin metallic scales. (AC +2)
You are agile. (Dex +2)
Scrolls take you a little longer to read.
Your body sometimes deteriorates upon taking damage.
You are dopey. (Int -2)
Your system is resistant to poisons. (rPois)
You are covered in fur. (AC +1)
Your spells are a little harder to cast, but a little more powerful.


Message History

Poisonous vapours surround Fannar!
The water moccasin barely misses you. You block the porcupine's attack.
You block the polar bear's attack. x2
The polar bear misses you.
Fannar is engulfed in poison gas.
Fannar looks even sicker.
Fannar hits the plant with a quarterstaff of freezing.
Fannar freezes the plant.
The water moccasin closely misses you. The porcupine bites you!
Unknown command.
Casting: Poisonous Vapours
Confirm with . or Enter, or press ? or * to list all spells.
Aiming: Poisonous Vapours
Press: ? - help, Dir - move target cursor, f/p - Fannar
Aim: Fannar, wielding a quarterstaff of freezing, wearing a robe of cold resistance and wearing a ring of ice (poison gas, almost dead, poisoned, covered in an icy film)
The poisonous vapours increase!
You block the polar bear's attack. x2
The polar bear closely misses you.
Fannar looks even sicker.
Fannar gestures at you while chanting.
The bolt of cold hits the plant.
The bolt of cold hits you!
Ouch! That really hurt!
You die...
Xom is highly amused!

. ....# ##. #.#..# ##..#
#.#..# t....###....##
...........##
..........# #rhPe.P..#
#@PP...# #S.#.#.##
.P.#.. ##.P.#..## ......
#...#.#.# #.#.. ##.....#
##.##.....########.#.##
##...>..#..)##.#.##...#
.P...P#...............#
......#.P##.#.P...![#..#


You could see Fannar, a polar bear, a water moccasin, a crocodile (sleeping) and
a porcupine.

Vanquished Creatures
  A two-headed ogre (D:11)
  Pikel (D:8)
  An elephant (Lair:2)
  4 spiny frogs
  4 blink frogs (Lair:1)
  3 hippogriffs
  2 hornets
  A redback (D:7)
  A fire bat (shapeshifter) (D:11)
  A wraith (D:11)
  A water elemental (D:11)
  Eustachio (D:6)
  4 yaks
  A hungry ghost (D:9)
  2 steam dragons
  A naga (Lair:3)
  5 water moccasins
  2 porcupines
  Duvessa (D:5)
  8 orc warriors
  2 slaves (D:8)
  A phantom (D:6)
  7 sky beasts
  A centaur (D:10)
  2 ogres (D:7)
  4 crocodiles
  Blork the orc (D:5)
  8 bullfrogs
  A gnoll sergeant (D:10)
  3 scorpions
  8 killer bees
  2 electric eels
  6 crimson imps
  A bullfrog zombie (D:10)
  2 centaur zombies
  2 hounds
  3 jellies
  7 orc priests
  10 orc wizards
  A centaur skeleton (D:7)
  A bullfrog skeleton (D:4)
  3 iguanas
  4 worker ants
  2 hound zombies
  A hound skeleton (D:9)
  9 gnolls
  7 adders
  2 shadow imps
  2 oozes
  An adder skeleton (D:7)
  3 worms
  2 dart slugs (D:1)
  3 leopard geckos
  42 orcs
  2 giant cockroaches (D:3)
  9 goblins
  7 hobgoblins
  14 jackals
  21 kobolds
  4 quokkas
  A ball python (D:2)
  7 bats
  7 frilled lizards
  2 leopard gecko skeletons (D:4)
  2 quokka skeletons (D:4)
  7 rats
282 creatures vanquished.

Vanquished Creatures (collateral kills)
  An ice beast (D:6)
  Dowan (D:5)
  A leopard gecko (D:6)
3 creatures vanquished.

Vanquished Creatures (others)
  A hydra (Lair:2)
  The ghost of eeldvark the Nimble, a journeyman GnMo of Wu Jian (D:8)
  A black mamba (Lair:1)
  3 elephants
  A spiny frog (Lair:1)
  A blink frog (Lair:1)
  A hippogriff (D:11)
  2 yaks
  A wyvern (Lair:2)
  A naga (Lair:3)
  2 porcupines
  2 orc warriors
  An ice beast (D:9)
  2 sky beasts
  A necrophage (D:9)
  A phantom (D:6)
  A crocodile (Lair:2)
  A bullfrog (Lair:2)
  A scorpion (D:11)
  A water moccasin skeleton (D:5)
  A centaur skeleton (D:11)
  A hound (D:4)
  An orc wizard (D:6)
  A worker ant (D:5)
  2 gnolls
  A dart slug (D:4)
  A leopard gecko (D:7)
  3 orcs
  A hobgoblin (D:1)
  A jackal (D:5)
  A bush (D:8)
  24 fungi
  17 plants
81 creatures vanquished.

Grand Total: 366 creatures vanquished

Notes
Turn   | Place    | Note
-------+----------+-------------------------------------------
     0 | D:1      | inc the Gnoll Chaos Knight began the quest for the Orb.
     0 | D:1      | Reached XP level 1. HP: 23/23 MP: 1/1
   186 | D:1      | Reached XP level 2. HP: 26/29 MP: 2/2
   208 | D:1      | XOM: divination: magic mapping
   265 | D:1      | Reached XP level 3. HP: 23/35 MP: 3/3
   291 | D:1      | XOM: butterfly on damage
   718 | D:1      | XOM: harmless Air miscast
   734 | D:1      | Reached skill level 1 in Invocations
   786 | D:1      | XOM: give mutation
   786 | D:1      | Gained mutation: Scrolls take you a little longer to read. [Xom's mischief]
   875 | D:1      | XOM: mild Hex miscast
   942 | D:1      | XOM: give mutations
   942 | D:1      | Gained mutation: You evolve. [Xom's mischief]
   942 | D:1      | Lost mutation: You evolve. [Xom's mischief]
  1008 | D:2      | XOM: noise
  1092 | D:2      | XOM: give mutations
  1092 | D:2      | Gained mutation: Your magical capacity is low. (-10% MP) [Xom's mischief]
  1092 | D:2      | Lost mutation: Your magical capacity is low. (-10% MP) [Xom's mischief]
  1092 | D:2      | Gained mutation: You have sharp fingernails. [Xom's mischief]
  1117 | D:2      | Reached skill level 1 in Short Blades
  1117 | D:2      | Reached skill level 1 in Long Blades
  1117 | D:2      | Reached skill level 1 in Axes
  1117 | D:2      | Reached skill level 1 in Polearms
  1117 | D:2      | Reached skill level 1 in Staves
  1117 | D:2      | Reached skill level 1 in Slings
  1117 | D:2      | Reached skill level 1 in Bows
  1117 | D:2      | Reached skill level 1 in Crossbows
  1117 | D:2      | Reached skill level 1 in Throwing
  1117 | D:2      | Reached skill level 1 in Stealth
  1117 | D:2      | Reached skill level 1 in Shields
  1117 | D:2      | Reached skill level 1 in Unarmed Combat
  1117 | D:2      | Reached skill level 1 in Spellcasting
  1117 | D:2      | Reached skill level 1 in Evocations
  1117 | D:2      | Reached XP level 4. HP: 41/41 MP: 5/5
  1187 | D:2      | Found a hide-covered altar of Uskayaw.
  1187 | D:2      | Found a sparkling altar of Nemelex Xobeh.
  1187 | D:2      | Found a radiant altar of Vehumet.
  1189 | D:2      | Found a snail-covered altar of Cheibriados.
  1189 | D:2      | Found a deep blue altar of Sif Muna.
  1361 | D:2      | XOM: harmless Pois miscast
  1607 | D:2      | XOM: noise
  1836 | D:2      | Reached skill level 1 in Conjurations
  1836 | D:2      | Reached skill level 1 in Hexes
  1836 | D:2      | Reached skill level 1 in Charms
  1836 | D:2      | Reached skill level 1 in Summonings
  1836 | D:2      | Reached skill level 1 in Necromancy
  1836 | D:2      | Reached skill level 1 in Translocations
  1836 | D:2      | Reached skill level 1 in Transmutations
  1836 | D:2      | Reached skill level 1 in Fire Magic
  1836 | D:2      | Reached skill level 1 in Ice Magic
  1836 | D:2      | Reached skill level 1 in Air Magic
  1836 | D:2      | Reached skill level 1 in Earth Magic
  1836 | D:2      | Reached skill level 1 in Poison Magic
  1899 | D:3      | Found an iron altar of Okawaru.
  1906 | D:3      | Found a hazy altar of Hepliaklqana.
  2107 | D:3      | XOM: noise
  2118 | D:3      | Reached XP level 5. HP: 35/47 MP: 6/6
  2169 | D:3      | XOM: summons 2 hostile demons
  2170 | D:3      | Noticed a red devil
  2297 | D:4      | XOM: 1-stop teleportation journey
  2663 | D:4      | XOM: cloud trail
  2783 | D:5      | Entered Level 5 of the Dungeon
  2783 | D:5      | Noticed a sky beast
  2783 | D:5      | Noticed an ice beast
  2786 | D:5      | Reached XP level 6. HP: 53/53 MP: 8/8
  2796 | D:4      | XOM: cleaving
  2799 | D:4      | XOM: give mutations
  2799 | D:4      | Gained mutation: You are covered in fur. (AC +1) [Xom's grace]
  2799 | D:4      | Gained mutation: Your system is resistant to poisons. (rPois) [Xom's grace]
  2799 | D:4      | Gained mutation: You have a pair of small antennae on your head. [Xom's grace]
  2820 | D:4      | Noticed a sky beast
  2820 | D:4      | an ice beast changed into a sky beast
  2820 | D:4      | XOM: polymorph ice beast -> sky beast
  2824 | D:4      | XOM: cleaving
  2832 | D:4      | Banished a sky beast
  2832 | D:4      | Reached skill level 5 in Armour
  3382 | D:3      | XOM: scenery: create altars
  3486 | D:3      | Found a shattered altar of Ashenzari.
  3488 | D:3      | Found a basalt altar of Yredelemnul.
  3521 | D:3      | XOM: scenery: 3 doors close
  3734 | D:3      | XOM: give mutations
  3734 | D:3      | Gained mutation: Your spells are a little harder to cast, but a little more powerful. [Xom's grace]
  3734 | D:3      | Gained mutation: You are partially covered in icy blue scales. (AC +2) [Xom's grace]
  3734 | D:3      | Gained mutation: You are agile. (Dex +2) [Xom's grace]
  3841 | D:4      | XOM: scenery: 1 doors close
  3849 | D:5      | XOM: cleaving
  3865 | D:5      | Killed a sky beast
  3865 | D:5      | Reached XP level 7. HP: 29/59 MP: 10/10
  3917 | D:5      | Noticed Dowan
  3993 | D:4      | Identified Xom's Volume of Grandeur (Xom gifted it to you on level 4 of the Dungeon)
  3993 | D:4      | XOM: god gift: Xom's Volume of Grandeur
  4041 | D:5      | Found a staircase to the Ecumenical Temple.
  4048 | D:5      | Learned a level 2 spell: Passwall
  4064 | D:5      | XOM is BORED!
  4121 | D:4      | XOM: scenery: create altars
  4156 | D:5      | Found an iron altar of Okawaru.
  4237 | D:5      | Noticed Duvessa
  4242 | D:5      | XOM: summons 7 friendly demons
  4248 | D:5      | Killed Duvessa
  4252 | D:5      | Killed Dowan
  4380 | D:5      | XOM: scenery: create altars
  4389 | D:5      | XOM: give mutations
  4389 | D:5      | Gained mutation: You are resistant to electric shocks. (rElec) [Xom's grace]
  4389 | D:5      | Gained mutation: You are partially covered in rugged brown scales. (AC +1, +3% HP) [Xom's grace]
  4577 | D:5      | Found an ancient bone altar of Kikubaaqudgha.
  4577 | D:5      | Noticed Blork the orc
  4596 | D:5      | Killed Blork the orc
  4596 | D:5      | Reached XP level 8. HP: 66/69 MP: 12/12
  4614 | D:5      | XOM: give mutation
  4614 | D:5      | Gained mutation: You are resistant to hostile enchantments. (MR+) [Xom's grace]
  4720 | D:6      | Noticed Eustachio
  4739 | D:6      | Killed Eustachio
  4754 | D:6      | XOM: divine lightning
  4779 | D:6      | Noticed Grinder
  4779 | D:6      | XOM: divination: magic mapping
  4787 | D:6      | Paralysed by Grinder for 4 turns
  4803 | D:6      | Paralysed by Grinder for 6 turns
  4997 | D:6      | XOM: cast spell 'Discord'
  5071 | D:6      | XOM: summons friendly iron imp
  5102 | D:6      | XOM: cleaving
  5169 | D:6      | Banished Grinder
  5169 | D:6      | XOM: give mutation
  5169 | D:6      | Lost mutation: You are resistant to hostile enchantments. (MR+) [Xom's mischief]
  5195 | D:6      | XOM: medium Air miscast
  5350 | D:6      | XOM: divination: detect items
  5369 | D:6      | Reached XP level 9. HP: 74/74 MP: 14/14
  5549 | D:6      | Learned a level 2 spell: Poisonous Vapours
  5553 | D:6      | Learned a level 3 spell: Mephitic Cloud
  5735 | D:7      | XOM: chaos upgrade
  5925 | D:7      | XOM: 1-stop teleportation journey
  5932 | D:7      | XOM: summons friendly iron imp
  6155 | D:7      | XOM: cleaving
  6210 | D:7      | Found Eqymuc's Magic Scroll Boutique.
  6225 | D:7      | Bought a scroll of enchant armour for 90 gold pieces
  6339 | D:7      | Found a burning altar of Makhleb.
  6339 | D:7      | XOM: scenery: 1 doors open
  6340 | D:7      | Found a glowing silver altar of Zin.
  6341 | D:7      | Noticed a balrug
  6341 | D:7      | Noticed an angel
  6428 | D:7      | XOM: scenery: create altars
  6506 | D:7      | Found an ornate altar of the Wu Jian Council.
  6647 | D:7      | XOM: polymorph hippogriff -> redback
  6654 | D:7      | Reached skill level 5 in Dodging
  6716 | D:8      | Identified the Compendium of the Monkey's Uncle
  6718 | D:8      | Noticed a hornet
  6733 | D:8      | Killed a hornet
  6752 | D:8      | Noticed eeldvark's ghost (journeyman GnMo)
  6762 | D:8      | Found a flagged portal.
  6768 | Bailey   | Entered a bailey
  6806 | Bailey   | XOM: noise
  6894 | Bailey   | XOM: harmless Tmut miscast
  6925 | Bailey   | Found a burning altar of Makhleb.
  6925 | Bailey   | XOM: 1-stop teleportation journey
  6930 | Bailey   | XOM: divination: magic mapping
  7157 | D:8      | Reached skill level 5 in Invocations
  7166 | D:8      | Found a white marble altar of Elyvilon.
  7340 | D:8      | XOM: medium Tloc miscast
  7370 | D:8      | XOM: give mutations
  7370 | D:8      | Lost mutation: You are partially covered in rugged brown scales. (AC +1, +3% HP) [Xom's mischief]
  7370 | D:8      | Gained mutation: Your body sometimes deteriorates upon taking damage. [Xom's mischief]
  7408 | D:8      | XOM: harmless Chrm miscast
  7429 | D:8      | Banished eeldvark's ghost
  7429 | D:8      | Reached XP level 10. HP: 60/80 MP: 15/17
  7441 | D:8      | XOM: draining
  7590 | D:8      | XOM: harmless Tmut miscast
  7758 | D:8      | XOM: give mutations
  7758 | D:8      | Lost mutation: You are resistant to electric shocks. (rElec) [Xom's mischief]
  7758 | D:8      | Gained mutation: You are dopey. (Int -2) [Xom's mischief]
  7776 | D:8      | Reached skill level 5 in Short Blades
  7776 | D:8      | Reached skill level 5 in Long Blades
  7776 | D:8      | Reached skill level 5 in Axes
  7776 | D:8      | Reached skill level 5 in Polearms
  7776 | D:8      | Reached skill level 5 in Staves
  7776 | D:8      | Reached skill level 5 in Slings
  7776 | D:8      | Reached skill level 5 in Bows
  7776 | D:8      | Reached skill level 5 in Crossbows
  7776 | D:8      | Reached skill level 5 in Throwing
  7776 | D:8      | Reached skill level 5 in Stealth
  7776 | D:8      | Reached skill level 5 in Shields
  7776 | D:8      | Reached skill level 5 in Unarmed Combat
  7776 | D:8      | Reached skill level 5 in Spellcasting
  7776 | D:8      | Reached skill level 5 in Evocations
  7818 | D:8      | XOM: cloud trail
  7893 | D:8      | XOM: god gift: 38 gold pieces
  7952 | D:8      | Found a staircase to the Lair.
  8033 | D:8      | Noticed Pikel
  8048 | D:8      | Killed Pikel
  8077 | D:8      | XOM: cloud trail
  8301 | D:9      | XOM: fake destruction
  8303 | D:9      | XOM: polymorph sky beast -> porcupine
  8733 | D:9      | XOM: noise
  8738 | D:9      | XOM: harmless Tmut miscast
  8767 | D:8      | XOM: god gift: fuming ruby potion {god gift}
  8963 | D:8      | Identified a scroll of acquirement
  8963 | D:8      | Got a faintly humming shield
  8969 | D:8      | Identified the +3 shield of Resourcefulness {rF+ rCorr Int+4 Dex+2} (You acquired it on level 8 of the Dungeon)
  9164 | D:4      | Got a fabulously ornate robe
  9175 | D:4      | Identified the cursed +0 robe "Jainesar" {Dex+2} (You found it on level 4 of the Dungeon)
  9345 | D:9      | Found a stormy altar of Qazlal.
  9398 | D:10     | Entered Level 10 of the Dungeon
  9452 | D:10     | XOM: 3-stop teleportation journey
  9555 | D:10     | XOM is BORED!
  9555 | D:10     | XOM: swap monsters
  9558 | D:10     | Reached XP level 11. HP: 87/87 MP: 14/19
  9870 | D:10     | XOM: give mutation
  9870 | D:10     | Gained mutation: You are partially covered in thin metallic scales. (AC +2) [Xom's grace]
  9938 | D:10     | XOM: cleaving
 10284 | D:10     | XOM: summons 4 hostile demons
 10435 | D:11     | XOM: confuse monster(s)
 10572 | D:12     | Noticed a green ugly thing
 10572 | D:12     | XOM: blink monster(s)
 10573 | D:12     | XOM: noise
 10578 | D:11     | XOM: chaos cloud
 10589 | D:11     | XOM: summons 4 hostile shadow creatures
 10592 | D:11     | XOM: 3-stop teleportation journey
 10646 | D:11     | XOM: divination: detect items
 10767 | D:11     | XOM: divination: detect items
 10772 | D:11     | XOM: noise
 10906 | D:11     | Reached skill level 5 in Conjurations
 10906 | D:11     | Reached skill level 5 in Hexes
 10906 | D:11     | Reached skill level 5 in Charms
 10906 | D:11     | Reached skill level 5 in Summonings
 10906 | D:11     | Reached skill level 5 in Necromancy
 10906 | D:11     | Reached skill level 5 in Translocations
 10906 | D:11     | Reached skill level 5 in Transmutations
 10906 | D:11     | Reached skill level 5 in Fire Magic
 10906 | D:11     | Reached skill level 5 in Ice Magic
 10906 | D:11     | Reached skill level 5 in Air Magic
 10906 | D:11     | Reached skill level 5 in Earth Magic
 10906 | D:11     | Reached skill level 5 in Poison Magic
 11036 | D:11     | Found a staircase to the Orcish Mines.
 11281 | D:11     | Noticed a two-headed ogre
 11296 | D:11     | XOM: medium Conj miscast
 11305 | D:11     | Killed a two-headed ogre
 11505 | D:11     | XOM: 2-stop teleportation journey
 11521 | D:11     | Got a pair of dazzling boots
 11527 | D:11     | Identified the +3 pair of boots of Kanwacit {Str+6} (You acquired it on level 11 of the Dungeon)
 11618 | D:11     | XOM: mild Fire miscast
 11695 | D:10     | XOM: god gift: club {god gift}
 11745 | Lair:1   | Entered Level 1 of the Lair of Beasts
 11836 | Lair:1   | XOM: cleaving
 11857 | Lair:1   | XOM: enchant monster (good)
 12339 | Lair:1   | XOM: confuse monster(s)
 12420 | Lair:1   | XOM: god gift: 27 bolts
 12624 | Lair:2   | XOM: scenery: create altars
 12654 | Lair:2   | XOM: divination: magic mapping
 12704 | Lair:2   | Reached XP level 12. HP: 96/96 MP: 11/22
 12805 | Lair:2   | Found a staircase to the Shoals.
 12945 | Lair:2   | XOM: 7-stop teleportation journey
 13098 | Lair:2   | Noticed a six-headed hydra
 13103 | Lair:2   | XOM: cloud trail
 13112 | Lair:2   | Got a twisted ring mail
 13126 | Lair:2   | Identified the +1 ring mail of the Frog {-Cast rN++} (You found it on level 2 of the Lair of Beasts)
 13134 | Lair:2   | XOM: medium Tmut miscast
 13147 | Lair:2   | XOM: blink monster(s)
 13261 | Lair:2   | XOM: potion effect (invisibility)
 13268 | Lair:2   | Banished a six-headed hydra
 13452 | Lair:2   | XOM: harmless Ice miscast
 13589 | Lair:2   | XOM: potion effect (berserk rage)
 13892 | Lair:3   | XOM: confusion
 13932 | Lair:3   | Found a staircase to the Snake Pit.
 14164 | Lair:3   | Noticed Fannar
 14170 | Lair:3   | XOM: butterfly on damage
 14213 | Lair:3   | Killed from afar by Fannar

Skill      XL: |  1  2  3  4  5  6  7  8  9 10 11 12 |
---------------+-------------------------------------+-----
Invocations    | 1 2 3 4 5 6 7 |  7.6
Short Blades   | 1 2 3 4 5 6 7 |  7.0
Long Blades    | 1 2 3 4 5 6 7 |  7.0
Axes           | 1 2 3 4 5 6 7 |  7.0
Polearms       | 1 2 3 4 5 6 7 |  7.0
Staves         | 1 2 3 4 5 6 7 |  7.0
Slings         | 1 2 3 4 5 6 7 |  7.0
Bows           | 1 2 3 4 5 6 7 |  7.0
Crossbows      | 1 2 3 4 5 6 7 |  7.0
Throwing       | 1 2 3 4 5 6 7 |  7.0
Stealth        | 1 2 3 4 5 6 7 |  7.0
Shields        | 1 2 3 4 5 6 7 |  7.0
Unarmed Combat | 1 2 3 4 5 6 7 |  7.0
Spellcasting   | 1 2 3 4 5 6 7 |  7.0
Evocations     | 1 2 3 4 5 6 7 |  7.0
Conjurations   | 1 2 3 4 5 |  5.8
Hexes          | 1 2 3 4 5 |  5.8
Charms         | 1 2 3 4 5 |  5.8
Summonings     | 1 2 3 4 5 |  5.8
Necromancy     | 1 2 3 4 5 |  5.8
Translocations | 1 2 3 4 5 |  5.8
Transmutations | 1 2 3 4 5 |  5.8
Fire Magic     | 1 2 3 4 5 |  5.8
Ice Magic      | 1 2 3 4 5 |  5.8
Air Magic      | 1 2 3 4 5 |  5.8
Earth Magic    | 1 2 3 4 5 |  5.8
Poison Magic   | 1 2 3 4 5 |  5.8
Dodging        | 3 4 5 6 7 |  7.5
Armour         | 5 6 7 8 |  8.4
Fighting       | 7 8 9 |  9.6
Maces & Flails | 7 8 9 |  9.6

Action                   |  1- 3 |  4- 6 |  7- 9 | 10-12 || total
-------------------------+-------+-------+-------+-------++-------
Melee: Mace              |    38 |       |       |       ||    38
       Bite              |     6 |    21 |    29 |    60 ||   116
       Dagger            |    42 |   199 |   274 |   430 ||   945
       Punch             |       |       |     5 |     1 ||     6
 Cast: Passwall          |       |       |     5 |     2 ||     7
       Poisonous Vapours |       |       |    49 |   234 ||   283
       Mephitic Cloud    |       |       |     2 |    13 ||    15
  Use: Scroll            |       |     5 |     4 |    15 ||    24
       Potion            |       |       |     2 |       ||     2
 Stab: Sleeping          |     3 |     7 |     5 |     9 ||    24
       Paralysed         |     2 |       |       |       ||     2
       Confused          |       |       |     1 |     6 ||     7
       Distracted        |       |       |       |     2 ||     2
       Invisible         |       |       |       |     1 ||     1
  Eat: Chunk             |       |     9 |     6 |    18 ||    33
       Ration            |       |       |     2 |     3 ||     5
Armor: Leather armour    |    31 |    64 |    85 |    10 ||   190
       Steam dragon scal |       |       |       |    75 ||    75
Dodge: Dodged            |    45 |   131 |   159 |   216 ||   551
Block: Shield            |       |       |       |   231 ||   231
       Reflection        |       |       |       |     3 ||     3
